 Dungeon Crawl Stone Soup version 0.27.0-1-g7a089689b8 (webtiles) character file.

Game seed: 8577193406074535239

86 Delamore the Sneak (level 4, 0/31 HPs)
             Began as an Octopode Brigand on Aug 6, 2021.
             Hit by a goblin thrown by Robin (1 damage)
             ... on level 2 of the Dungeon.
             The game lasted 00:02:33 (1607 turns).

Delamore the Sneak (Octopode Brigand)               Turns: 1607, Time: 00:02:33

Health: 0/31       AC:  1    Str: 10    XL:     4   Next: 49%
Magic:  4/4        EV: 13    Int: 13    God:
Gold:   37         SH:  0    Dex: 14    Spells: 3/3 levels left

rFire    . . .     SeeInvis +   a - +3 dagger
rCold    . . .     Faith    .   (no shield)
rNeg     . . .     Spirit   .   (helmet restricted)
rPois    .         Reflect  .   (no amulet)
rElec    .         Harm     .   e - ring of see invisible
rCorr    .         Rampage  .   (no ring)
Will     .....                  (no ring)
Stlth    ++++......             (no ring)
HPRegen  0.10/turn              (no ring)
MPRegen  0.09/turn              (no ring)
                                (no ring)
                                (no ring)

@: no status effects
A: almost no armour, amphibious, 8 rings, camouflage 1, gelatinous body 1,
(nimble swimmer 1), tentacles
a: no special abilities


You were on level 2 of the Dungeon.
You visited 1 branch of the dungeon, and saw 2 of its levels.

You collected 61 gold pieces.
You spent 24 gold pieces at shops.

Inventory:

Hand Weapons
 a - a +3 dagger (weapon)
Missiles
 b - 13 poisoned darts (quivered)
 c - 2 curare-tipped darts
Jewellery
 e - a ring of see invisible (left tentacle)
 f - a ring of magical power
Scrolls
 d - a scroll of vulnerability
 i - a scroll of immolation
Potions
 g - 2 potions of haste


   Skills:
 + Level 3.1 Fighting
 + Level 3.1 Short Blades
 - Level 2.0 Throwing
 + Level 2.2 Dodging
 - Level 5.3 Stealth


You had 3 spell levels left.
You didn't know any spells.
Your spell library was empty.

Dungeon Overview and Level Annotations

Branches:
Dungeon (2/15)

Altars:

Shops:
D:2 ?

Annotations:
D:2 Robin


Innate Abilities, Weirdness & Mutations

You cannot wear most types of armour.
You are amphibious.
You can wear up to eight rings at the same time.
Your skin changes colour to match your surroundings (Stealth+).
Your rubbery body absorbs attacks. (AC +1, EV +1)
((You are camouflaged near water. (Stealth+)))
You have tentacles for arms and can constrict up to eight enemies at once.


Message History

The goblin closely misses you. The goblin misses you.
The goblin hits you with a +0 dagger. The goblin hits you with a +0 dagger.
* * * LOW HITPOINT WARNING * * *
Really wriggl into that dispersal trap?
You enter a dispersal trap!
The goblin blinks! x2; The endoplasm blinks!
The goblin blinks! x3; You blink.
Okay, then.
The endoplasm hits you.
* * * LOW HITPOINT WARNING * * *
Robin throws the goblin at you! The goblin completely misses you.
The endoplasm hits you.
* * * LOW HITPOINT WARNING * * *
The goblin hits you with a +0 dagger.
* * * LOW HITPOINT WARNING * * *
As you read the scroll labelled OMNICU TUOLIUC, it crumbles to dust.
It is a scroll of enchant weapon.
Your +2 dagger glows red for a moment.
The goblin no longer looks unusually strong.
The hobgoblin no longer looks unusually strong.
The goblin no longer looks unusually strong.
The goblin enters a dispersal trap!
The goblin blinks!
The endoplasm blinks!
The goblin blinks!
The hobgoblin blinks!
Robin blinks!
You blink.
The goblin blinks!
The hobgoblin hits you.
* * * LOW HITPOINT WARNING * * *
A goblin comes into view. It is wielding a +0 dagger. x2
The goblin shouts!
Robin throws the goblin at you!
* * * LOW HITPOINT WARNING * * *
The goblin barely misses you.
Found 14 gold pieces.
Robin throws the goblin at you! The goblin completely misses you.
Found a bubbling golden potion.
A goblin comes into view. It is wielding a +0 club.
A frilled lizard comes into view.
Robin roars a battlecry!
The goblins go into a battle-frenzy!
You hear a shout! x2
Robin throws the goblin at you!
You die...

. ##. ##.. ..###.#
#.## #... #.#..g. ...
#..# #[# #.# #.# #..#
#.#......... #..#
#.#.#.#.#.#.
#..####.#.........
#####@.##.).###g###.##
#....g.g.g..#....^....
#l###g.####.g.g.g.J...
...##$.####.g#..#.####
#.....g.gg.###.#.#
....###.###### #.#(#
.#! #.. .g..# # #.#
#...# #.# #...#


You could see Robin, 5 goblins and a frilled lizard (asleep).

Vanquished Creatures
  Jessica (D:2)
  An adder (D:2)
  A ball python (D:1)
  2 bats (D:2)
  8 endoplasms
  2 giant cockroaches (D:1)
  4 goblins
  A hobgoblin (D:1)
  13 jackals
  4 kobolds (D:2)
  4 frilled lizards
  2 rats
43 creatures vanquished.

Vanquished Creatures (others)
  6 fungi (D:2)
  10 plants (D:2)
16 creatures vanquished.

Grand Total: 59 creatures vanquished

Notes
Turn   | Place    | Note
-------+----------+-------------------------------------------
     0 | D:1      | Delamore the Octopode Brigand began the quest for the Orb.
     0 | D:1      | Reached XP level 1. HP: 14/14 MP: 1/1
    54 | D:1      | Reached XP level 2. HP: 5/20 MP: 2/2
   656 | D:1      | Reached XP level 3. HP: 25/25 MP: 3/3
   901 | D:2      | Found Lyatweno's Magic Scroll Boutique.
   903 | D:2      | Noticed Jessica
   906 | D:2      | Killed Jessica
   935 | D:2      | Reached XP level 4. HP: 20/31 MP: 4/4
  1151 | D:2      | Bought a scroll of identify for 24 gold pieces
  1582 | D:2      | Noticed Robin
  1598 | D:2      | HP: 1/31 [hobgoblin[Robin] (2)]
  1607 | D:2      | Hit by a goblin thrown by Robin

Illustrated notes

Levels and vault maps discovered:
D:1:      psy_arrival_conway, layout_rooms, minmay_hedge_maze
D:2:      layout_loops_ring, serial_shops, nicolae_shop_stone,
          shapermc_ecumenical_altar_mp_urbaneastern, uniq_jessica, uniq_robin

Skill      XL: |  1  2  3 |
---------------+----------+-----
Fighting       | 3 |  3.1
Short Blades   | 3 |  3.1
Dodging        | 2 |  2.2
Throwing       | |  2.0
Stealth        | |  5.3

Action                   |  1- 3 |  4- 6 || total
-------------------------+-------+-------++-------
Melee: Dagger            |    42 |    30 ||    72
       Tentacles         |     8 |     7 ||    15
       Constrict         |     6 |     6 ||    12
  Use: Scroll            |       |     4 ||     4
 Stab: Sleeping          |    12 |     3 ||    15
       Distracted        |       |     2 ||     2
Armor: Skin              |     3 |     9 ||    12
Dodge: Dodged            |    19 |    17 ||    36
